 Dungeon Crawl Stone Soup version 0.21.0-24-g2553a33 (webtiles) character file.

293 tidbits the Cutter (level 6, 50/50 HPs)
             Began as a Gnoll Wanderer on Jan 19, 2018.
             Quit the game on level 6 of the Dungeon.
             The game lasted 00:05:33 (770 turns).

tidbits the Cutter (Gnoll Wanderer)                  Turns: 770, Time: 00:05:34

Health: 50/50      AC:  5    Str: 13    XL:     6   Next: 33%
Magic:  8/8        EV: 14    Int: 19    God:
Gold:   78         SH:  0    Dex: 13    Spells: 8/8 levels left

rFire    . . .     SeeInvis .   b - +0 dagger (venom)
rCold    . . .     Gourm    .   (no shield)
rNeg     . . .     Faith    .   B - +0 robe
rPois    .         Spirit   .   (no helmet)
rElec    .         Reflect  .   (no cloak)
rCorr    .         Harm     .   (no gloves)
MR       .....                  F - +2 pair of boots
Stlth    +++.......             (no amulet)
HPRegen  0.16/turn              (no ring)
MPRegen  0.11/turn              (no ring)

@: no status effects
A: distributed training, fangs 1, strong nose
a: no special abilities


You were on level 6 of the Dungeon.
You were not hungry.

You visited 2 branches of the dungeon, and saw 7 of its levels.

You collected 78 gold pieces.

Inventory:

Hand Weapons
 a - a +2 short sword
 b - a +0 dagger of venom (weapon)
   (You found it on level 3 of the Dungeon)
 f - a +0 dagger
 j - a +0 hunting sling
 k - a cursed +0 shortbow
Missiles
 h - 11 arrows
 l - 5 javelins (quivered)
Armour
 B - a +0 robe (worn)
 F - a +2 pair of boots (worn)
Scrolls
 e - a scroll of immolation
 n - a scroll of amnesia
Potions
 d - 2 potions of curing
 g - a potion of degeneration {unknown}
 i - 2 potions of heal wounds
Comestibles
 c - 6 rations


   Skills:
 + Level 4.9 Fighting
 + Level 6.8 Short Blades
 + Level 1.9 Long Blades
 + Level 1.9 Axes
 + Level 1.9 Maces & Flails
 + Level 1.9 Polearms
 + Level 1.9 Staves
 + Level 1.9 Slings
 + Level 1.9 Bows
 + Level 1.9 Crossbows
 + Level 1.9 Throwing
 + Level 1.9 Armour
 + Level 4.9 Dodging
 + Level 4.5 Stealth
 + Level 3.2 Shields
 + Level 1.9 Unarmed Combat
 + Level 1.9 Spellcasting
 + Level 1.5 Conjurations
 + Level 1.5 Hexes
 + Level 1.5 Charms
 + Level 1.5 Summonings
 + Level 1.5 Necromancy
 + Level 1.5 Translocations
 + Level 1.5 Transmutations
 + Level 1.5 Fire Magic
 + Level 1.5 Ice Magic
 + Level 1.5 Air Magic
 + Level 1.5 Earth Magic
 + Level 1.5 Poison Magic
 + Level 2.1 Invocations
 + Level 1.9 Evocations


You had 8 spell levels left.
You didn't know any spells.

Dungeon Overview and Level Annotations

Branches:
Dungeon (6/15)             Temple (1/1) D:4

Altars:
Ashenzari
Dithmenos
Elyvilon
Fedhas
Gozag
Hepliaklqana
Kikubaaqudgha
Makhleb
Nemelex Xobeh
Okawaru
Qazlal
Ru
Sif Muna
Trog
Uskayaw
Vehumet
Wu Jian
Xom
Yredelemnul
Zin
The Shining One

Annotations:
D:2 Terence


Innate Abilities, Weirdness & Mutations

Your experience applies equally to all skills.
You have very sharp teeth.
Your uncanny sense of smell can sniff out nearby items.


Message History

The hound skeleton is heavily damaged.
The hound skeleton bites you but does no damage.
You hit the hound skeleton.
The hound skeleton is heavily damaged.
The hound skeleton closely misses you.
You hit the hound skeleton.
The hound skeleton is severely damaged.
The hound skeleton bites you but does no damage.
You barely miss the hound skeleton.
The hound skeleton is severely damaged.
The hound skeleton closely misses you.
You hit the hound skeleton. You punch the hound skeleton.
You destroy the hound skeleton!
Found 4 gold pieces.
You see here 4 gold pieces.
You now have 55 gold pieces (gained 4).
You open the door.
There is an open door here.
A worm comes into view.
You open the door.
An adder comes into view.
There is an open door here.
Your +0 dagger of venom begins to drip with poison!
b - a +0 dagger of venom (weapon)
The helpless adder fails to defend itself.
You spit the adder like a pig!!!
You kill the adder!
Found a blue potion.
Found 11 gold pieces and a ration.
An iguana comes into view.
You see here 11 gold pieces.
You now have 66 gold pieces (gained 11).
Found a club.
You see here a blue potion.
i - 2 blue potions (gained 1)
You see here a ration.
c - 6 rations (gained 1)
A bullfrog skeleton comes into view.
You see here a club.
The helpless bullfrog skeleton fails to defend itself.
You impale the bullfrog skeleton!!
You destroy the bullfrog skeleton!
You open the door.
A quokka comes into view.
Found 12 gold pieces.
There is an open door here.
The quokka bites you.
You hit the quokka.
The quokka is poisoned.
The quokka is moderately wounded.
The quokka bites you but does no damage.
The quokka closely misses you.
You see here 12 gold pieces.
You now have 78 gold pieces (gained 12).
The quokka bites you but does no damage.
You barely miss the quokka.
The quokka is severely wounded.
The quokka bites you but does no damage.
You kill the quokka!
As you open the door, it creaks loudly!
There is an open door here.
Found a stone staircase leading up.
There is a stone staircase leading up here.
You climb upwards.
There is a stone staircase leading down here.
You climb downwards.
There is a stone staircase leading up here.
Unknown command.
Found a shadowy altar of Dithmenos.
Found an escape hatch in the floor.
Found a stone staircase leading down.
You open the door.
Found an opulent altar of Gozag and a shattered altar of Ashenzari.
There is an open door here.
There is an open door here.
There is a stone staircase leading down here.
You climb downwards.
Found a scroll labeled DOBOMA PIMUN.
There is a stone staircase leading up here.
Unknown command.
You see here a scroll labeled DOBOMA PIMUN.
m - 2 scrolls labeled DOBOMA PIMUN (gained 1)
There is a stone staircase leading up here.
Found a scroll labeled NAECUI KUHOST.
You see here a scroll labeled NAECUI KUHOST.
n - a scroll labeled NAECUI KUHOST
As you read the scroll labeled DOBOMA PIMUN, it crumbles to dust.
It is a scroll of identify.
n - a scroll of amnesia
As you read the scroll of identify, it crumbles to dust.
i - 2 potions of heal wounds An orc priest comes into view.
It is wielding a club.
You open the door.
An adder comes into view.
The adder hisses angrily.
An orc, an orc warrior and an orc priest come into view.
The orc is wielding a flail of protection.
The orc shouts!
Found a glowing scimitar.
An orc wizard comes into view. It is wielding a dagger.
There is an open door here.
Are you sure you want to abandon this character and quit the game? (Confirm with "yes".)

#.........#.........
#....##...##....#
#....##...##....#
#...............#
.#######.........#
.......#.........#
.......#.........#
)......#.......<.#
o..o...@.........#
oo....S###########
###.... #.... #....
∆ #.... #.... #....


You could see an orc warrior (wandering), an orc priest (wandering), an orc
wizard (wandering), an adder and an orc.

Vanquished Creatures
  A centaur (D:3)
  2 bullfrog zombies (D:5)
  3 bullfrog skeletons (D:5)
  A hound zombie (D:5)
  A hound skeleton (D:5)
  An adder (D:5)
  A dart slug (D:3)
  2 leopard geckos
  An orc (D:5)
  A ball python (D:3)
  4 bats
  3 goblins
  A hobgoblin (D:1)
  2 jackals (D:5)
  A quokka (D:5)
  3 frilled lizards
  A rat (D:1)
29 creatures vanquished.

Vanquished Creatures (others)
  A goblin (D:2)
1 creature vanquished.

Grand Total: 30 creatures vanquished

Notes
Turn   | Place    | Note
-------+----------+-------------------------------------------
     0 | D:1      | tidbits the Gnoll Wanderer began the quest for the Orb.
     0 | D:1      | tidbits set off with: a +2 short sword, 2 potions of curing, a +0 robe, a +0 dagger, a ration
     0 | D:1      | Reached XP level 1. HP: 20/20 MP: 1/1
    34 | D:1      | Reached XP level 2. HP: 24/26 MP: 2/2
   120 | D:2      | Noticed Terence
   133 | D:3      | Noticed a centaur
   145 | D:3      | Killed a centaur
   145 | D:3      | Reached skill level 1 in Long Blades
   145 | D:3      | Reached skill level 1 in Axes
   145 | D:3      | Reached skill level 1 in Maces & Flails
   145 | D:3      | Reached skill level 1 in Polearms
   145 | D:3      | Reached skill level 1 in Staves
   145 | D:3      | Reached skill level 1 in Slings
   145 | D:3      | Reached skill level 1 in Bows
   145 | D:3      | Reached skill level 1 in Crossbows
   145 | D:3      | Reached skill level 1 in Throwing
   145 | D:3      | Reached skill level 1 in Armour
   145 | D:3      | Reached skill level 1 in Unarmed Combat
   145 | D:3      | Reached skill level 1 in Spellcasting
   145 | D:3      | Reached skill level 1 in Invocations
   145 | D:3      | Reached skill level 1 in Evocations
   145 | D:3      | Reached XP level 3. HP: 8/31 MP: 2/4
   145 | D:3      | Reached XP level 4. HP: 10/38 MP: 2/5
   149 | D:3      | Reached skill level 1 in Conjurations
   149 | D:3      | Reached skill level 1 in Hexes
   149 | D:3      | Reached skill level 1 in Charms
   149 | D:3      | Reached skill level 1 in Summonings
   149 | D:3      | Reached skill level 1 in Necromancy
   149 | D:3      | Reached skill level 1 in Translocations
   149 | D:3      | Reached skill level 1 in Transmutations
   149 | D:3      | Reached skill level 1 in Fire Magic
   149 | D:3      | Reached skill level 1 in Ice Magic
   149 | D:3      | Reached skill level 1 in Air Magic
   149 | D:3      | Reached skill level 1 in Earth Magic
   149 | D:3      | Reached skill level 1 in Poison Magic
   208 | D:4      | Found a staircase to the Ecumenical Temple.
   217 | Temple   | Entered the Ecumenical Temple
   389 | D:5      | Entered Level 5 of the Dungeon
   397 | D:5      | Reached XP level 5. HP: 33/43 MP: 5/7
   441 | D:5      | Reached skill level 3 in Shields
   553 | D:5      | Reached skill level 2 in Invocations
   553 | D:5      | Reached XP level 6. HP: 50/50 MP: 8/8
   708 | D:5      | Found a shadowy altar of Dithmenos.
   722 | D:5      | Found an opulent altar of Gozag.
   722 | D:5      | Found a shattered altar of Ashenzari.
   769 | D:6      | Noticed an orc warrior
   770 | D:6      | Quit the game

Skill      XL: |  1  2  3  4  5 |
---------------+----------------+-----
Long Blades    | 1 |  1.9
Axes           | 1 |  1.9
Maces & Flails | 1 |  1.9
Polearms       | 1 |  1.9
Staves         | 1 |  1.9
Slings         | 1 |  1.9
Bows           | 1 |  1.9
Crossbows      | 1 |  1.9
Throwing       | 1 |  1.9
Armour         | 1 |  1.9
Unarmed Combat | 1 |  1.9
Spellcasting   | 1 |  1.9
Invocations    | 1 2 |  2.1
Evocations     | 1 |  1.9
Conjurations   | 1 |  1.5
Hexes          | 1 |  1.5
Charms         | 1 |  1.5
Summonings     | 1 |  1.5
Necromancy     | 1 |  1.5
Translocations | 1 |  1.5
Transmutations | 1 |  1.5
Fire Magic     | 1 |  1.5
Ice Magic      | 1 |  1.5
Air Magic      | 1 |  1.5
Earth Magic    | 1 |  1.5
Poison Magic   | 1 |  1.5
Shields        | 3 |  3.2
Fighting       | |  4.9
Short Blades   | |  6.8
Dodging        | |  4.9
Stealth        | |  4.5

Action                   |  1- 3 |  4- 6 || total
-------------------------+-------+-------++-------
Melee: Short sword       |    33 |    50 ||    83
       Bite              |     2 |     8 ||    10
       Dagger            |       |    16 ||    16
       Punch             |       |     1 ||     1
  Use: Potion            |     1 |       ||     1
       Scroll            |       |     4 ||     4
 Stab: Sleeping          |     1 |     4 ||     5
Armor: Robe              |    11 |    18 ||    29
Dodge: Dodged            |    40 |    42 ||    82

Table legend:
 A = Turns spent in this place as a percentage of turns spent in the entire game.
 B = Non-inter-level travel turns spent in this place as a percentage of non-inter-level travel turns spent in the entire game.
 C = Inter-level travel turns spent in this place as a percentage of turns spent in this place.
 D = Turns resting spent in this place as a percentage of non-inter-level travel turns spent in this place.
 E = Turns spent auto-exploring this place as a percentage of non-inter-level travel turns spent in this place.
 F = Non-inter-level travel turns spent in this place divided by the number of levels of this place that you've seen.
                   A       B       C       D       E      F
               +-------+-------+-------+-------+-------+----------------------
         Total | 100.0 | 100.0 |   2.5 |   0.0 |   0.0 | 107.3
       Dungeon |  81.4 |  83.5 |   0.0 |   0.0 |   0.0 | 104.5
        Temple |  18.6 |  16.5 |  13.3 |   0.0 |   0.0 | 124.0
               +-------+-------+-------+-------+-------+----------------------

Table legend:
 A = Kills in this place as a percentage of kills in entire the game.
 B = Kills by you in this place as a percentage of kills by you in the entire game.
 C = Kills by friends in this place as a percentage of kills by friends in the entire game.
 D = Other kills in this place as a percentage of other kills in the entire game.
 E = Experience gained in this place as a percentage of experience gained in the entire game.
 F = Experience gained in this place divided by the number of levels of this place that you have seen.
                   A       B       C       D       E      F
               +-------+-------+-------+-------+-------+----------------------
         Total | 100.0 | 100.0 |   N/A |   N/A | 100.0 |  59.9
       Dungeon | 100.0 | 100.0 |   N/A |   N/A | 100.0 |  69.8
               +-------+-------+-------+-------+-------+----------------------

Vault maps used:
D:1:      minmay_arrival_diagonal_passages
D:2:      nicolae_underground_beach, uniq_robin, uniq_jessica,
          uniq_crazy_yiuf_cottage, uniq_terence
D:3:      minmay_diamond_boxcup, portal_sewer_entry_b, first_ration,
          uniq_sigmund
D:4:      old_standard_altar, temple_green, uniq_blork_the_orc
D:5:      gammafunk_temple_overflow_elements, serial_undead, serial_undead_b,
          serial_undead_b, serial_undead_a, serial_undead_b, lemuel_statue_altar
Temple:   dpeg_five_rooms_temple
